 Dungeon Crawl Stone Soup version 0.19.1-1-g22dce08 (webtiles) character file.

167 dngmouse the Chopper (level 5, -10/47 HPs)
             Began as a Minotaur Fighter on Jan 16, 2017.
             Was an Initiate of Okawaru.
             Mangled by an ogre
             ... wielding a +0 giant spiked club
              (15 damage)
             ... on level 4 of the Dungeon.
             The game lasted 00:03:47 (1970 turns).

dngmouse the Chopper (Minotaur Fighter)             Turns: 1970, Time: 00:03:48

Health: -10/47     AC:  6    Str: 22    XL:     5   Next: 23%
Magic:  4/4        EV:  7    Int:  5    God:    Okawaru [......]
Gold:   165        SH:  9    Dex:  9    Spells: 0 memorised, 4 levels left

rFire  . . .     SeeInvis .     a - +0 war axe
rCold  . . .     Gourm    .     b - +0 scale mail
rNeg   + . .     Faith    .     c - +0 shield
rPois  .         Spirit   .     (helmet restricted)
rElec  .         Reflect  .     (no cloak)
rCorr  .         Harm     .     (no gloves)
MR     .....     Rnd*Tele +     (no boots)
Stlth  ..........               (no amulet)
                                w - ring of teleportation (curse)
                                j - ring of positive energy

@: no status effects
A: retaliatory headbutt, horns 2
a: Renounce Religion


You were on level 4 of the Dungeon.
You worshipped Okawaru.
Okawaru was noncommittal.
You were not hungry.

You visited 1 branch of the dungeon, and saw 4 of its levels.

You collected 165 gold pieces.

Inventory:

Hand Weapons
 a - a +0 war axe (weapon)
Armour
 b - a +0 scale mail (worn)
 c - a +0 shield (worn)
Jewellery
 j - a ring of positive energy (left hand)
 w - a cursed ring of teleportation (right hand)
Scrolls
 e - a scroll of immolation {unknown}
 i - 2 scrolls of recharging {unknown}
 k - 2 scrolls of magic mapping {unknown}
 l - 2 scrolls of remove curse {unknown}
 m - 3 scrolls of identify {unknown}
 o - 3 scrolls of fear {unknown}
 t - a scroll of amnesia {unknown}
 v - 2 scrolls of enchant weapon {unknown}
Potions
 d - a potion of might
 g - 3 potions of haste {unknown}
 n - a potion of degeneration {unknown}
 r - a potion of beneficial mutation {unknown}
 s - 2 potions of curing {unknown}
 u - a potion of resistance {unknown}
 x - a potion of lignification {unknown}
Comestibles
 f - 2 bread rations
 h - a beef jerky
 q - a meat ration


   Skills:
 - Level 4.5 Fighting
 * Level 6.0 Axes
 - Level 3.6 Armour
 - Level 3.6 Shields


You had 4 spell levels left.
You didn't know any spells.

Dungeon Overview and Level Annotations

Branches:
Dungeon (4/15)
 Temple: D:4-7

Altars:
Dithmenos
Gozag
Makhleb
Okawaru
Ru
Uskayaw
Zin


Innate Abilities, Weirdness & Mutations

You reflexively headbutt those who attack you in melee.
You have a pair of horns on your head.


Message History

There is a stone staircase leading up here.
There is a stone staircase leading up here.
An ogre comes into view. It is wielding a giant spiked club.
Found 9 gold pieces.
The ogre hits you with a giant spiked club!!
You barely miss the ogre. Your headbutt misses the ogre.
You barely miss the ogre. You headbutt the ogre!
The ogre is moderately wounded.
The ogre closely misses you. You furiously retaliate!
You headbutt the ogre. You slash the ogre!
The ogre is almost dead.
You block the ogre's attack.
You hit the ogre.
The ogre is almost dead.
The ogre hits you with a giant spiked club!!
* * * LOW HITPOINT WARNING * * *
You hit the ogre but do no damage.
The ogre is almost dead.
The ogre hits you with a giant spiked club!
You die...

#####
....
#.### #
#...#
#$###<#.#
#.O@..#.#
#######.#
.# .# .#
..


You could see an ogre.

Vanquished Creatures
  Natasha (twice) (D:2)
  6 adders
  An ooze (D:1)
  A worm (D:3)
  3 dart slugs
  2 leopard geckos (D:1)
  3 orcs (D:3)
  2 giant cockroaches
  5 goblins
  4 hobgoblins
  3 jackals (D:1)
  A quokka (D:3)
  A ball python (D:1)
  3 bats
  6 frilled lizards
  8 kobolds
  4 rats
55 creatures vanquished.

Notes
Turn   | Place    | Note
-------+----------+-------------------------------------------
     0 | D:1      | dngmouse the Minotaur Fighter began the quest for the Orb.
     0 | D:1      | Reached XP level 1. HP: 19/19 MP: 0/0
   120 | D:1      | Reached XP level 2. HP: 23/27 MP: 1/1
   220 | D:1      | Reached skill level 3 in Axes
   715 | D:2      | Reached XP level 3. HP: 33/33 MP: 2/2
   929 | D:2      | Reached skill level 4 in Axes
  1018 | D:2      | Reached XP level 4. HP: 39/41 MP: 3/3
  1087 | D:2      | Found a sacrificial altar of Ru.
  1087 | D:2      | Found a shadowy altar of Dithmenos.
  1087 | D:2      | Found an iron altar of Okawaru.
  1106 | D:2      | Noticed Natasha
  1114 | D:2      | Killed Natasha
  1114 | D:2      | Reached skill level 5 in Axes
  1125 | D:2      | Found a burning altar of Makhleb.
  1187 | D:2      | Became a worshipper of Warmaster Okawaru
  1391 | D:2      | Noticed Natasha
  1394 | D:2      | Killed Natasha
  1543 | D:3      | Found a hide-covered altar of Uskayaw.
  1579 | D:3      | Reached XP level 5. HP: 40/47 MP: 4/4
  1727 | D:3      | Found a glowing silver altar of Zin.
  1728 | D:3      | Found an opulent altar of Gozag.
  1758 | D:3      | Reached skill level 6 in Axes
  1964 | D:4      | Noticed an ogre
  1970 | D:4      | Mangled by an ogre

Skill      XL: |  1  2  3  4  5 |
---------------+----------------+-----
Fighting       | 4 |  4.5
Axes           | 3 4 5 6 |  6.0
Armour         | |  3.6
Shields        | |  3.6

Action                   |  1- 3 |  4- 6 || total
-------------------------+-------+-------++-------
Melee: War axe           |    85 |    58 ||   143
       Headbutt          |    10 |     8 ||    18
  Eat: Chunk             |       |     4 ||     4
Armor: Scale mail        |    25 |    22 ||    47
Dodge: Dodged            |    23 |    20 ||    43
Block: Shield            |    43 |    24 ||    67
